 Dungeon Crawl Stone Soup version 0.15.2 (webtiles) character file.

6366 ghwc the Carver (level 10, -7/108 HPs)
             Began as a Demonspawn Gladiator on Nov 16, 2014.
             Was a High Priest of Makhleb.
             Mangled by an Executioner (16 damage)
             ... on Level 1 of the Abyss.
             The game lasted 00:27:47 (12554 turns).

ghwc the Carver (Demonspawn Gladiator)             Turns: 12554, Time: 00:27:47

HP  -7/108       AC 18     Str 23      XL: 10   Next: 65%
MP  32/32        EV  6     Int 10      God: Makhleb [*****.]
Gold 504         SH  0     Dex 17      Spells:  0 memorised,  9 levels left

rFire  + . .     SeeInvis .     a - +1 long sword
rCold  . . .     Clarity  .     D - +4 chain mail of Founep {+Rage rF+ rN+}
rNeg   + + .     rCorr    .     (no shield)
rPois  .         rRot     .     c - +0 helmet
rElec  .         Spirit   .     (no cloak)
SustAb .         Warding  .     K - +1 pair of gloves {Str+3}
rMut   .         Stasis   .     (no boots)
Gourm  .                        (no amulet)
MR     .....                    m - ring of positive energy
                                t - ring of magical power

@: berserking, very quick, not resistant to hostile enchantments, extremely
unstealthy
A: hooves 2, molten scales 2, powered by pain 1, spiny 1
a: Minor Destruction, Lesser Servant of Makhleb, Major Destruction, Greater
Servant of Makhleb, Renounce Religion, Evoke Berserk Rage


You were on level 1 of the Abyss.
You worshipped Makhleb.
Makhleb was extremely pleased with you.
You were not hungry.

You visited 1 branch of the dungeon, and saw 10 of its levels.
You visited the Abyss 1 time.
You also visited: Sewer and Ossuary.

You collected 504 gold pieces.

Inventory:

Hand weapons
 a - a +1 long sword (weapon)
 n - a cursed +0 blowgun
Missiles
 d - 4 throwing nets (quivered)
 o - 17 poisoned needles
Armour
 c - a +0 helmet (worn)
 l - the -4 chain mail "Turoank" {Slay+6 Curse}
   (You found it on level 6 of the Dungeon)

   It affects your accuracy and damage with ranged weapons and melee attacks
   (+6).
   It may recurse itself when equipped.
 u - a +2 leather armour of cold resistance
 D - the +4 chain mail of Founep (worn) {+Rage rF+ rN+}
   (You found it on level 1 of the Abyss)

   It protects you from fire.
   It protects you from negative energy.
   It lets you go berserk.
 K - a +1 pair of gloves of strength (worn)
Magical devices
 b - a wand of draining (6)
 h - a wand of enslavement (7)
 p - a wand of hasting (2)
 q - a wand of teleportation (4)
 N - a wand of polymorph (10)
Comestibles
 f - 7 bread rations
 i - 4 meat rations
Scrolls
 k - 5 scrolls of teleportation
 v - 4 scrolls of amnesia
 w - 3 scrolls of recharging
 y - a scroll of vulnerability
 E - a scroll of remove curse
Jewellery
 e - a cursed amulet of stasis
 m - a ring of positive energy (right hand)
 t - a ring of magical power (left hand)
Potions
 j - 2 potions of brilliance
 s - a potion of cancellation
 x - a potion of restore abilities
 z - a potion of magic
 C - 3 potions of resistance
 F - 2 potions of flight
Books
 g - a book of Clouds

   Spells                             Type                      Level
   Mephitic Cloud                     Conjuration/Poison/Air       3
   Conjure Flame                      Conjuration/Fire             3
   Poisonous Cloud                    Conjuration/Poison/Air       6
   Freezing Cloud                     Conjuration/Ice/Air          6
   Ring of Flames                     Charms/Fire                  7
 A - a book of Debilitation

   Spells                             Type                      Level
   Corona                             Hexes                        1
   Slow                               Hexes                        2
   Inner Flame                        Hexes/Fire                   3
   Enslavement                        Hexes                        4
   Cause Fear                         Hexes                        4
   Leda's Liquefaction                Hexes/Earth                  4
 J - a book of the Dragon

   Spells                             Type                      Level
   Flight                             Charms/Air                   3
   Cause Fear                         Hexes                        4
   Bolt of Fire                       Conjuration/Fire             6
   Dragon Form                        Transmutation                7
   Dragon's Call                      Summoning                    9
 M - a Grand Grimoire {highlevel}

   This book is beyond your current level of understanding.

   Spells                             Type                      Level
   Aura of Abjuration                 Summoning                    6
   Forceful Dismissal                 Summoning                    6
   Summon Greater Demon               Summoning                    7
   Malign Gateway                     Summoning/Translocation      7
   Summon Horrible Things             Summoning                    8


   Skills:
 - Level 4.2 Fighting
 + Level 12.9 Long Blades
 - Level 1.7 Throwing
 - Level 2.6 Dodging
 - Level 9.1 Invocations


You had 9 spell levels left.
You didn't know any spells.

Dungeon Overview and Level Annotations

Branches:
Dungeon (10/15)            Temple (0/1) D:5             Orc (0/4) D:10
   Lair: D:8-11

Altars:
Dithmenos
Elyvilon
Fedhas
Makhleb
Nemelex Xobeh
Okawaru
Sif Muna
Trog
Yredelemnul
Zin

Shops:
D:8 =   D:10 (


Innate Abilities, Weirdness & Mutations

You have hoof-like feet.
You are mostly covered in molten scales (AC +3, EV -1).
You sometimes gain a little power by taking damage.
You are partially covered in sharp spines.


Message History

You feel the corruption within you wane completely.
Your vision sharpens.
You feel clever. The Executioner gestures at you.
Pain shoots through your body!
* * * LOW HITPOINT WARNING * * *
Your balrug hits the Executioner with a demon whip!
The Executioner is engulfed in flames!
The Executioner resists.
Drink which item? (? for menu, Esc to quit)
It has a very clean taste.
Your hooves look more like feet.
It was a potion of cure mutation.
The Executioner gestures at you.
You barely resist.
The Executioner hits you but does no damage. x3
Read which item? (? for menu, Esc to quit)
Okay, then.
Use which ability? (? or * to list)
A red film seems to cover your vision as you go berserk!
You feel yourself moving faster!
You feel mighty! The Executioner hits you!
You die...

##. ..[ #.# #.#### ##
#..... . ###..###.#
##...(### ###
#####.#######..#.. #.
. .
........@12.......#.#
###########.###.###.#
#.# #.# #. .# .# #
#### #.###. #.# .X
...#.# # ### #.#####
##... .


You could see an Executioner and a friendly balrug.

Vanquished Creatures
  A two-headed ogre (D:10)
  Prince Ribbit (D:5)
  A wyvern (D:8)
  A neqoxec (D:9)
  2 hungry ghosts (D:10)
  A wraith (Abyss:1)
  A stone giant simulacrum (Abyss:1)
  A chaos spawn (Abyss:1)
  Menkaure (D:5)
  A small abomination (Abyss:1)
  3 sky beasts
  2 ice beasts
  A phantom (D:7)
  A black bear (D:6)
  8 ogres
  2 centaurs
  2 giant frogs
  7 big kobolds
  6 killer bees (D:8)
  An eye of draining (D:9)
  3 jellies
  7 orc priests
  A goliath beetle (D:9)
  A quasit (D:10)
  3 hounds
  6 worker ants
  Natasha (thrice) (D:3)
  3 iguanas
  6 orc wizards
  Ijyb (D:2)
  An ogre zombie (D:6)
  13 mummies (Ossuary)
  A worker ant zombie (D:9)
  23 adders
  7 gnolls
  A shadow imp (D:9)
  2 giant mites
  7 worms
  An adder zombie (D:8)
  An iguana skeleton (D:3)
  6 giant geckos
  4 oozes
  27 orcs
  6 giant cockroaches
  A gnoll skeleton (Ossuary)
  13 goblins
  12 hobgoblins
  8 jackals
  24 kobolds
  3 quokkas
  3 ball pythons
  15 bats
  6 giant newts
  2 giant spores
  A goblin skeleton (D:5)
  A hobgoblin skeleton (D:6)
  A kobold skeleton (Ossuary)
  A kobold zombie (D:5)
  6 orc skeletons (Ossuary)
  A quokka skeleton (D:6)
  A quokka zombie (D:5)
  19 rats
  11 rat skeletons (Ossuary)
  A rat zombie (D:5)
  2 ballistomycetes (D:6)
310 creatures vanquished.

Vanquished Creatures (collateral kills)
  A wretched star (Abyss:1)
  A large abomination (Abyss:1)
  A neqoxec (Abyss:1)
  An orc warrior (D:8)
  Duvessa (D:5)
  A giant frog (D:10)
  A quasit (Abyss:1)
  Dowan (D:5)
  An orc wizard (D:10)
  A gnoll (D:9)
  A white imp (D:9)
  3 orcs
  2 kobolds
16 creatures vanquished.

Vanquished Creatures (others)
  A cacodemon (Abyss:1)
  A hellwing (Abyss:1)
  A ynoxinul (Abyss:1)
  2 neqoxecs
  2 iron imps
  A white imp (Abyss:1)
  An ufetubus (D:5)
9 creatures vanquished.

Grand Total: 335 creatures vanquished

Notes
Turn   | Place    | Note
--------------------------------------------------------------
     0 | D:1      | ghwc, the Demonspawn Gladiator, began the quest for the Orb.
     0 | D:1      | Reached XP level 1. HP: 16/16 MP: 1/1
   184 | D:1      | Reached skill level 3 in Long Blades
   263 | D:1      | Gained mutation: You sometimes gain a little power by taking damage. [demonic ancestry]
   263 | D:1      | Reached XP level 2. HP: 17/22 MP: 2/2
   962 | D:1      | Gained mutation: You are partially covered in sharp spines. [demonic ancestry]
   962 | D:1      | Reached XP level 3. HP: 27/27 MP: 3/3
  1212 | D:2      | Reached skill level 4 in Long Blades
  1214 | D:2      | Gained mutation: You have large cloven feet. [potion of beneficial mutation]
  1661 | D:2      | Gained mutation: You are partially covered in molten scales (AC +1). [demonic ancestry]
  1661 | D:2      | Reached XP level 4. HP: 15/33 MP: 4/4
  2109 | D:2      | Reached skill level 5 in Long Blades
  2116 | D:2      | Found a basalt altar of Yredelemnul.
  2122 | D:2      | Noticed Ijyb
  2129 | D:2      | Killed Ijyb
  2152 | D:2      | Gained mutation: You have hoof-like feet. [demonic ancestry]
  2152 | D:2      | Reached XP level 5. HP: 35/38 MP: 5/5
  2281 | D:2      | Found a burning altar of Makhleb.
  2281 | D:2      | Noticed a balrug
  2313 | D:2      | Found a glowing silver altar of Zin.
  2314 | D:2      | Found a bloodstained altar of Trog.
  2352 | D:2      | Noticed a ynoxinul
  2352 | D:2      | Noticed a neqoxec
  2354 | D:2      | Became a worshipper of Makhleb the Destroyer
  2742 | D:3      | Acquired Makhleb's first power
  2893 | D:3      | Reached skill level 6 in Long Blades
  3123 | D:3      | Found a glowing drain.
  3131 | Sewer    | Entered a sewer
  3288 | Sewer    | Reached XP level 6. HP: 41/44 MP: 6/6
  3584 | Sewer    | Acquired Makhleb's second power
  3656 | Sewer    | Reached skill level 7 in Long Blades
  3740 | Sewer    | Reached XP level 7. HP: 45/50 MP: 7/7
  3855 | Sewer    | Reached skill level 8 in Long Blades
  4094 | D:3      | Found a deep blue altar of Sif Muna.
  4217 | D:3      | Noticed Natasha
  4224 | D:3      | Killed Natasha
  4227 | D:3      | Noticed an ogre
  4244 | D:3      | Killed an ogre
  4350 | D:3      | Noticed Natasha
  4359 | D:3      | Killed Natasha
  4373 | D:3      | Acquired Makhleb's third power
  4479 | D:3      | Found a basalt altar of Yredelemnul.
  4763 | D:3      | Noticed Natasha
  4768 | D:3      | Killed Natasha
  5286 | D:4      | Reached skill level 9 in Long Blades
  5286 | D:4      | Gained mutation: You are mostly covered in molten scales (AC +3, EV -1). [demonic ancestry]
  5286 | D:4      | Reached XP level 8. HP: 56/56 MP: 8/8
  5471 | D:4      | Found a white marble altar of Elyvilon.
  5644 | D:5      | Entered Level 5 of the Dungeon
  5654 | D:5      | Found a sand-covered staircase.
  5665 | Ossuary  | Entered an ossuary
  5835 | Ossuary  | Acquired Makhleb's fourth power
  6196 | Ossuary  | Reached skill level 10 in Long Blades
  6560 | D:5      | Found a staircase to the Ecumenical Temple.
  6663 | D:5      | Noticed Dowan
  6666 | D:5      | Noticed Duvessa
  6673 | D:5      | Killed Dowan
  6679 | D:5      | Killed Duvessa
  6839 | D:5      | Noticed Menkaure
  6844 | D:5      | Killed Menkaure
  6888 | D:5      | Noticed Prince Ribbit
  7001 | D:5      | Killed Prince Ribbit
  7001 | D:5      | Reached XP level 9. HP: 26/65 MP: 9/9
  7429 | D:6      | Reached skill level 1 in Invocations
  7493 | D:6      | Acquired Makhleb's fifth power
  7712 | D:6      | Got a smelly chain mail
  7723 | D:6      | Identified the cursed -4 chain mail "Turoank" {Slay+6 Curse} (You found it on level 6 of the Dungeon)
  8142 | D:6      | Found a sparkling altar of Nemelex Xobeh.
  8433 | D:7      | Found a shadowy altar of Dithmenos.
  8442 | D:7      | Reached skill level 11 in Long Blades
  8518 | D:7      | Reached skill level 5 in Invocations
  9186 | D:8      | Found Zedov's Jewellery Boutique.
  9199 | D:8      | Found a blossoming altar of Fedhas.
  9805 | D:8      | Gained mutation: You have hooves in place of feet. [demonic ancestry]
  9805 | D:8      | Reached XP level 10. HP: 54/72 MP: 21/21
 10319 | D:8      | Found a bloodstained altar of Trog.
 10666 | D:9      | Found an iron altar of Okawaru.
 11515 | D:10     | Entered Level 10 of the Dungeon
 11620 | D:10     | Found Kuho's Antique Weapon Emporium.
 11981 | D:10     | Found a staircase to the Orcish Mines.
 12032 | D:10     | Reached skill level 12 in Long Blades
 12333 | D:10     | Noticed a wizard
 12348 | D:10     | Cast into the Abyss (wizard)
 12364 | Abyss:1  | Got a polished chain mail
 12375 | Abyss:1  | Identified the +4 chain mail of Founep {+Rage rF+ rN+} (You found it on level 1 of the Abyss)
 12432 | Abyss:1  | Noticed a thrashing horror
 12485 | Abyss:1  | Noticed a wretched star
 12501 | Abyss:1  | Killed a wretched star
 12535 | Abyss:1  | Noticed a large abomination
 12541 | Abyss:1  | Noticed an Executioner
 12551 | Abyss:1  | Killed a large abomination
 12553 | Abyss:1  | Lost mutation: You have hooves in place of feet. [potion of cure mutation]
 12554 | Abyss:1  | Mangled by an Executioner

Action                   |  1- 3 |  4- 6 |  7- 9 | 10-12 || total
-------------------------+-------+-------+-------+-------++-------
Melee: Long sword        |   124 |   193 |   439 |   186 ||   942
Invok: Minor Destruction |       |       |     3 |       ||     3
       Lesser Servant of |       |       |     4 |     7 ||    11
       Greater Servant o |       |       |       |     3 ||     3
 Abil: Evoke Berserk Rag |       |       |       |     1 ||     1
Evoke: Wand              |       |       |     6 |     1 ||     7
  Use: Potion            |     4 |     1 |     7 |     4 ||    16
       Scroll            |       |     2 |     9 |    15 ||    26
  Eat: Bread ration      |     1 |       |     1 |       ||     2
       Chunk             |     1 |       |       |       ||     1
       Meat ration       |       |     1 |     2 |     1 ||     4
       Beef jerky        |       |       |     1 |     7 ||     8
       Fruit             |       |       |     2 |       ||     2
       Pizza             |       |       |     1 |       ||     1
